 Dungeon Crawl Stone Soup version 0.32-a0-818-gb728d02 (webtiles) character file.

Game seed: 3179542712892921037

2775 Dorkslayer the Cleaver (level 9, -1/61 HPs)
             Began as an Octopode Fighter on Mar 24, 2024.
             Was an Elder of Okawaru.
             Slain by a steam dragon (7 damage)
             ... on level 7 of the Dungeon.
             The game lasted 00:14:38 (4625 turns).

Dorkslayer the Cleaver (Octopode Fighter)           Turns: 4625, Time: 00:14:39

Health: -1/61      AC:  1    Str: 26    XL:     9   Next: 70%
Magic:  9/9        EV: 14    Int: 10    God:    Okawaru [****..]
Gold:   1577       SH: 12    Dex: 17    Spells: 8/8 levels left

rFire   . . .        a - +1 war axe
rCold   . . .        b - +1 buckler
rNeg    . . .        (helmet restricted)
rPois   .            h - amulet of reflection
rElec   .            d - ring of resist corrosion
rCorr   +            o - +6 ring of strength
SInv    .            e - +6 ring of dexterity
Will    .....        (no ring)
Stlth   +++++        (no ring)
HPRegen 0.30/turn    (no ring)
MPRegen 0.11/turn    (no ring)
                     (no ring)

%: reflection
@: lethally poisoned (-1 -> -2)
A: almost no armour, amphibious, 8 rings, camouflage 1, gelatinous body 1,
(nimble swimmer 1), tentacles
a: Renounce Religion, Heroism, Finesse


You were on level 7 of the Dungeon.
You worshipped Okawaru.
Okawaru was greatly pleased with you.
You visited 1 branch of the dungeon, and saw 7 of its levels.
You also visited: Bailey.

You collected 1577 gold pieces.

Inventory:

Hand Weapons
 a - a +1 war axe (weapon)
 y - a +4 trident
Missiles
 f - 9 javelins
 n - a throwing net
 r - 4 atropa-tipped darts
 t - 18 boomerangs
 x - 2 datura-tipped darts (quivered)
Armour
 b - a +1 buckler (worn)
Jewellery
 d - a ring of resist corrosion (left tentacle)
 e - a +6 ring of dexterity (on tentacle)
 h - an amulet of reflection (around mantle)
 l - an amulet of regeneration
 o - a +6 ring of strength (right tentacle)
Scrolls
 g - 2 scrolls of teleportation
 k - 2 scrolls of revelation
 p - 2 scrolls of enchant armour
 w - 2 scrolls of enchant weapon
Potions
 c - a potion of might
 i - a potion of cancellation
 j - 2 potions of brilliance {unknown}
 s - 2 potions of berserk rage
 u - a potion of attraction {unknown}
 v - a potion of enlightenment {unknown}
 z - a potion of haste {unknown}
 A - a potion of invisibility


   Skills:
 + Level 5.5 Fighting
 + Level 8.3 Axes
 + Level 1.1 Throwing
 + Level 5.2 Dodging
 + Level 7.7 Stealth
 + Level 6.2 Shields
 * Level 1.2 Invocations


You had 8 spell levels left.
You didn't know any spells.
Your spell library contained the following spells:

 Spells                   Type           Power      Damage    Failure   Level
 Blink                    Tloc           0%         N/A       54%         2
 Lesser Beckoning         Tloc           0%         N/A       54%         2
 Momentum Strike          Conj/Tloc      0%         3d8       54%         2
 Sublimation of Blood     Necr           0%         N/A       54%         2
 Brom's Barrelling Bould  Conj/Erth      0%         2d3       99%         4
 Petrify                  Alch/Erth      0%         N/A       99%         4
 Vhi's Electric Charge    Tloc/Air       0%         N/A       99%         4
 Arcjolt                  Conj/Air       0%         1d10      100%        5
 Fireball                 Conj/Fire      0%         3d3       100%        5
 Irradiate                Conj/Alch      0%         3d11      100%        5
 Iskenderun's Battlesphe  Conj           0%         2d6       100%        5
 Conjure Ball Lightning   Conj/Air       0%         3x3d6     100%        6
 Plasma Beam              Fire/Air       0%         2x1d10    100%        6
 Orb of Destruction       Conj           0%         9d5       100%        7


Dungeon Overview and Level Annotations

Branches:
Dungeon (7/15)             Temple (0/1) D:6          Bailey (visited)

Altars:
Ashenzari
Cheibriados
Elyvilon
Fedhas
Okawaru
Uskayaw
Vehumet
Zin

Shops:
D:6 *   D:7 :


Innate Abilities, Weirdness & Mutations

You cannot wear most types of armour.
You are amphibious.
You can wear up to eight rings at the same time.
Your skin changes colour to match your surroundings (Stealth+).
Your rubbery body absorbs attacks. (AC +1, EV +1)
((You are camouflaged when in or above water. (Stealth+)))
You have tentacles for arms and can constrict up to eight enemies at once.


Message History

You are more poisoned.
The killer bee poisons you!
You closely miss the killer bee.
The killer bee is lightly wounded.
You constrict the killer bee!
* * * LOW HITPOINT WARNING * * *
You feel very sick.
You block the killer bee's attack. x2; The killer bee completely misses you.
Unknown command.
You feel better.
You constrict the killer bee. The killer bee stings you.
* * * LOW HITPOINT WARNING * * *
You are poisoned.
The killer bee poisons you! The killer bee barely misses you.
Unknown command.
You feel much better.
You constrict the killer bee.
You kill the killer bee!
Okawaru accepts your kill.
You feel sick. The steam dragon breathes steam at you.
The ball of steam misses you.
Unknown command.
Found a scale mail.
You are engulfed in a cloud of scalding steam.
You feel sick. You block the steam dragon's attack.
The steam dragon misses you.
You feel sick. The steam dragon breathes steam at you.
The ball of steam hits you!
You hit the steam dragon. You squeeze the steam dragon.
The steam dragon is moderately wounded.
You are engulfed in a cloud of scalding steam.
* * * LOW HITPOINT WARNING * * *
You feel sick. You block the steam dragon's attack.
The steam dragon closely misses you.
You feel sick. You block the steam dragon's attack. The steam dragon claws you.
* * * LOW HITPOINT WARNING * * *
You slash the steam dragon!
The steam dragon is heavily wounded.
You feel sick. The steam dragon bites you!
You die...

#......#*,* *,**,,*
##......#,,***.***.#
...#####..#*,,.###.#####
#........##*,*#§§......#
..########**,*#§.§.....#
#######**#.,,*#§.§.....#
........##.***#§.......#
#####*#..[.## #§.....[.#
## #.....###.@......#
.######.###....D<......#
........#..>.##.....<..#
...######.##..#........#
..........###.##########
#.########....# #...##
#...#### ###..###.###
###......#


You could see a steam dragon.

Vanquished Creatures
  Pikel (D:7)
  A water moccasin (D:7)
  2 black bears
  2 orc warriors (Bailey)
  A sky beast (D:6)
  2 ogres
  3 kobold brigands (Bailey)
  A bullfrog (D:3)
  A scorpion (D:6)
  3 wights (D:7)
  3 killer bees (D:7)
  2 jellies
  Crazy Yiuf (D:5)
  4 hounds
  3 orc priests
  2 sleepcaps (D:6)
  4 iguanas
  2 orc wizards (D:4)
  Robin (D:2)
  4 gnolls (D:4)
  6 adders
  A shadow imp (D:6)
  2 white imps
  2 ufetubi (D:6)
  6 dart slugs
  3 ribbon worms
  12 orcs
  3 ball pythons
  5 endoplasms
  A giant cockroach (D:4)
  15 goblins
  9 hobgoblins
  3 jackals (D:5)
  3 quokkas (D:2)
  6 bats
  8 frilled lizards
  18 kobolds
  5 rats
151 creatures vanquished.

Vanquished Creatures (collateral kills)
  An orc warrior (Bailey)
  2 kobold brigands (Bailey)
3 creatures vanquished.

Grand Total: 154 creatures vanquished

Notes
Turn   | Place    | Note
-------+----------+-------------------------------------------
     0 | D:1      | Dorkslayer the Octopode Fighter began the quest for the
                  | Orb.
     0 | D:1      | Reached XP level 1. HP: 16/16 MP: 1/1
   225 | D:1      | Reached XP level 2. HP: 21/21 MP: 2/2
   704 | D:2      | Noticed Robin
   709 | D:2      | HP: 1/21 [goblin/+0 club[Robin] (3)]
   710 | D:2      | Killed Robin
   711 | D:2      | Reached XP level 3. HP: 2/26 MP: 3/3
   904 | D:2      | Reached XP level 4. HP: 25/31 MP: 4/4
  1012 | D:2      | Reached skill level 3 in Axes
  1012 | D:2      | Reached skill level 1 in Stealth
  1437 | D:3      | Found a blossoming altar of Fedhas.
  1539 | D:3      | Found a white marble altar of Elyvilon.
  1661 | D:3      | Reached XP level 5. HP: 36/36 MP: 5/5
  1667 | D:3      | Found an iron altar of Okawaru.
  1673 | D:3      | Became a worshipper of Warmaster Okawaru
  1996 | D:3      | Reached XP level 6. HP: 43/43 MP: 6/6
  1997 | D:3      | Found a faded altar of an unknown god.
  2178 | D:4      | Reached skill level 4 in Axes
  2346 | D:4      | Noticed a black bear
  2362 | D:4      | Killed a black bear
  2614 | D:4      | Reached XP level 7. HP: 47/47 MP: 7/7
  2709 | D:4      | Reached * piety under Okawaru
  2833 | D:4      | Reached skill level 5 in Stealth
  2997 | D:5      | Entered Level 5 of the Dungeon
  3058 | D:5      | Found a runed translucent door.
  3059 | D:5      | Noticed Crazy Yiuf
  3067 | D:5      | Killed Crazy Yiuf
  3139 | D:5      | Reached skill level 5 in Axes
  3216 | D:5      | Found a broken altar of Ashenzari.
  3562 | D:6      | Found Zin's Purification Station.
  3562 | D:6      | Found a glowing silver altar of Zin.
  3589 | D:6      | Reached XP level 8. HP: 54/54 MP: 8/8
  3615 | D:6      | Reached ** piety under Okawaru
  3707 | D:6      | You fall into a shaft and drop 1 floor!
  3732 | D:7      | Found a flagged portal.
  3790 | D:7      | Reached skill level 6 in Axes
  3808 | Bailey   | Entered a bailey
  3993 | Bailey   | Reached skill level 5 in Shields
  3996 | Bailey   | Reached skill level 5 in Fighting
  3998 | Bailey   | Reached *** piety under Okawaru
  3999 | Bailey   | Reached skill level 7 in Axes
  3999 | Bailey   | Reached XP level 9. HP: 61/61 MP: 9/9
  4005 | Bailey   | Found a bloodstained altar of Trog.
  4021 | Bailey   | Identified the +1 scale mail of Impressiveness {rElec rF+
                  | Str+3}
  4085 | D:7      | Noticed Pikel
  4096 | D:7      | Killed Pikel
  4097 | D:7      | Reached skill level 5 in Dodging
  4099 | D:7      | Found a snail-covered altar of Cheibriados.
  4195 | D:7      | Found Bybbonk's Tremendous Tomes.
  4228 | D:7      | Found a radiant altar of Vehumet.
  4229 | D:7      | Found a hide-covered altar of Uskayaw.
  4374 | D:6      | Found a staircase to the Ecumenical Temple.
  4386 | D:6      | Reached **** piety under Okawaru
  4387 | D:6      | Reached skill level 1 in Throwing
  4450 | D:6      | Reached skill level 8 in Axes
  4616 | D:7      | Reached skill level 1 in Invocations
  4625 | D:7      | Slain by a steam dragon

Illustrated notes

Levels and vault maps discovered:
D:1:      scummos_arrival_simple_crosswalls, layout_loops_ring,
          serial_park_tiny_1
D:2:      layout_loops_ring, uniq_robin
D:3:      layout_loops_ring, mainiacjoe_overflow_alcove_2, marbit_many_paths,
          mainiacjoe_overflow_surrounded_room, chequers_ecumenical_altar_twisty
D:4:      layout_basic, minmay_misc_feat_four_crosses
D:5:      layout_loops_ring, lemuel_crystal_altar, uniq_crazy_yiuf_cottage
D:6:      layout_cave_pools, zin_purify, minmay_temple_entry_trees, st_stairs_14
D:7:      layout_rooms, mainiacjoe_overflow_alcove_1, mainiacjoe_overflow_paths,
          mainiacjoe_overflow_divided_tiny, enter_bailey_8,
          nicolae_shop_i_like_big_books, minmay_hollow_rounded_squares,
          uniq_pikel

Skill      XL: |  1  2  3  4  5  6  7  8  9 |
---------------+----------------------------+-----
Axes           | 3 4 5 7 8 |  8.3
Stealth        | 1 3 4 5 6 7 |  7.7
Dodging        | 4 5 |  5.2
Shields        | 4 5 6 |  6.2
Fighting       | 4 5 |  5.5
Throwing       | 1 |  1.1
Invocations    | 1 |  1.2

Action                     |  1- 3 |  4- 6 |  7- 9 || total
---------------------------+-------+-------+-------++-------
  Melee: War axe           |    51 |    70 |   118 ||   239
         Constrict         |    17 |    20 |    35 ||    72
         Tentacles         |    12 |    18 |    35 ||    65
  Throw: Dart              |       |       |     4 ||     4
         Throwing net      |       |       |     1 ||     1
         Boomerang         |       |       |     1 ||     1
    Use: Scroll            |     4 |    10 |     4 ||    18
         Potion            |     1 |       |     5 ||     6
   Stab: Sleeping          |     3 |    11 |    12 ||    26
 Armour: Skin              |    22 |    22 |    52 ||    96
  Dodge: Dodged            |    22 |    28 |    72 ||   122
  Block: Buckler           |    23 |    33 |    76 ||   132
         Reflection        |       |     2 |    12 ||    14

Table legend: (Time is in decaauts)
 A = Elapsed time spent in this place.
 B = Non-inter-level travel time spent in this place.
 C = Inter-level travel time spent in this place.
 D = Time resting spent in this place.
 E = Time spent auto-exploring this place.
 F = Levels seen in this place.
 G = Mean time per level.
                   A        B        C        D        E       F      G
               +--------+--------+--------+--------+--------+-----+--------+
         Total |   4692 |   4692 |      0 |     53 |   1878 |   8 |  586.5 |
       Dungeon |   4445 |   4445 |      0 |      0 |   1878 |   7 |  635.0 |
        Bailey |    247 |    247 |      0 |     53 |      0 |   1 |  247.0 |
               +--------+--------+--------+--------+--------+-----+--------+

Top non-repeatable levels by time:
     D:4: 912 daAuts
     D:3: 774 daAuts
     D:1: 701 daAuts
     D:2: 656 daAuts
     D:5: 569 daAuts
     D:7: 421 daAuts
     D:6: 409 daAuts
  Bailey: 247 daAuts
